Workbook

Sheet Employee Import
A1: Employee Name | B1: Employee ID | C1: Role | D1: Cost Rate/Hr
A2: Avery Sample | B2: DEMO-001 | C2: Engineer | D2: 650
A3: Morgan Example | B3: DEMO-002 | C3: Analyst | D3: 500
A4: Jordan Demo | B4: DEMO-003 | C4: Delivery Lead | D4: 900

Sheet Assumptions
A1: StaffLedger Margin Forecast | B1: Value
A2: Year | B2: 2026
A3: Hours per day | B3: 8
A4: Default holidays per month | B4: 3
A5: Currency | B5: INR

Sheet Staffing Plan
A1: Project | B1: Employee ID | C1: Cost start | D1: Billing start | E1: Billing end | F1: Allocation % | G1: Billing % | H1: Bill rate/Hr (INR) | I1: Cost rate/Hr (INR)
A2: Atlas Delivery | B2: DEMO-001 | C2: 46023 | D2: 46023 | E2: 46387 | F2: 1 | G2: 1 | H2: 1200 | I2: ='Employee Import'!D2 -> 650
A3: Atlas Delivery | B3: DEMO-002 | C3: 46023 | D3: 46037 | E3: 46387 | F3: 1 | G3: 0.8 | H3: 1000 | I3: ='Employee Import'!D3 -> 500
A4: Beacon Modernization | B4: DEMO-003 | C4: 46023 | D4: 46054 | E4: 46387 | F4: 1 | G4: 1 | H4: 1600 | I4: ='Employee Import'!D4 -> 900

Sheet Monthly Forecast
A1: Month | B1: Project | C1: Employee ID | D1: Holidays | E1: Cost days | F1: Billing days | G1: Revenue (INR) | H1: Cost (INR) | I1: Gross profit (INR) | J1: Gross margin %
A2: =DATE(Assumptions!$B$2,1,1) -> 46023 | B2: ='Staffing Plan'!A2 -> Atlas Delivery | C2: ='Staffing Plan'!B2 -> DEMO-001 | D2: =Assumptions!$B$4 -> 3 | E2: =IF(MAX(A2,'Staffing Plan'!C2)>MIN(EOMONTH(A2,0),'Staffing Plan'!E2),0,MAX(0,NETWORKDAYS(MAX(A2,'Staffing Plan'!C2),MIN(EOMONTH(A2,0),'Staffing Plan'!E2))-D2)) -> 19 | F2: =IF(MAX(A2,'Staffing Plan'!D2)>MIN(EOMONTH(A2,0),'Staffing Plan'!E2),0,MAX(0,NETWORKDAYS(MAX(A2,'Staffing Plan'!D2),MIN(EOMONTH(A2,0),'Staffing Plan'!E2))-D2)) -> 19 | G2: =F2*Assumptions!$B$3*'Staffing Plan'!H2*'Staffing Plan'!G2 -> 182400 | H2: =E2*Assumptions!$B$3*'Staffing Plan'!I2*'Staffing Plan'!F2 -> 98800 | I2: =G2-H2 -> 83600 | J2: =IF(G2=0,0,I2/G2) -> 0.45833333
A3: =DATE(Assumptions!$B$2,1,1) -> 46023 | B3: ='Staffing Plan'!A3 -> Atlas Delivery | C3: ='Staffing Plan'!B3 -> DEMO-002 | D3: =Assumptions!$B$4 -> 3 | E3: =IF(MAX(A3,'Staffing Plan'!C3)>MIN(EOMONTH(A3,0),'Staffing Plan'!E3),0,MAX(0,NETWORKDAYS(MAX(A3,'Staffing Plan'!C3),MIN(EOMONTH(A3,0),'Staffing Plan'!E3))-D3)) -> 19 | F3: =IF(MAX(A3,'Staffing Plan'!D3)>MIN(EOMONTH(A3,0),'Staffing Plan'!E3),0,MAX(0,NETWORKDAYS(MAX(A3,'Staffing Plan'!D3),MIN(EOMONTH(A3,0),'Staffing Plan'!E3))-D3)) -> 9 | G3: =F3*Assumptions!$B$3*'Staffing Plan'!H3*'Staffing Plan'!G3 -> 57600 | H3: =E3*Assumptions!$B$3*'Staffing Plan'!I3*'Staffing Plan'!F3 -> 76000 | I3: =G3-H3 -> -18400 | J3: =IF(G3=0,0,I3/G3) -> -0.31944444
A4: =DATE(Assumptions!$B$2,1,1) -> 46023 | B4: ='Staffing Plan'!A4 -> Beacon Modernization | C4: ='Staffing Plan'!B4 -> DEMO-003 | D4: =Assumptions!$B$4 -> 3 | E4: =IF(MAX(A4,'Staffing Plan'!C4)>MIN(EOMONTH(A4,0),'Staffing Plan'!E4),0,MAX(0,NETWORKDAYS(MAX(A4,'Staffing Plan'!C4),MIN(EOMONTH(A4,0),'Staffing Plan'!E4))-D4)) -> 19 | F4: =IF(MAX(A4,'Staffing Plan'!D4)>MIN(EOMONTH(A4,0),'Staffing Plan'!E4),0,MAX(0,NETWORKDAYS(MAX(A4,'Staffing Plan'!D4),MIN(EOMONTH(A4,0),'Staffing Plan'!E4))-D4)) -> 0 | G4: =F4*Assumptions!$B$3*'Staffing Plan'!H4*'Staffing Plan'!G4 -> 0 | H4: =E4*Assumptions!$B$3*'Staffing Plan'!I4*'Staffing Plan'!F4 -> 136800 | I4: =G4-H4 -> -136800 | J4: =IF(G4=0,0,I4/G4) -> 0
A5: =DATE(Assumptions!$B$2,2,1) -> 46054 | B5: ='Staffing Plan'!A2 -> Atlas Delivery | C5: ='Staffing Plan'!B2 -> DEMO-001 | D5: =Assumptions!$B$4 -> 3 | E5: =IF(MAX(A5,'Staffing Plan'!C2)>MIN(EOMONTH(A5,0),'Staffing Plan'!E2),0,MAX(0,NETWORKDAYS(MAX(A5,'Staffing Plan'!C2),MIN(EOMONTH(A5,0),'Staffing Plan'!E2))-D5)) -> 17 | F5: =IF(MAX(A5,'Staffing Plan'!D2)>MIN(EOMONTH(A5,0),'Staffing Plan'!E2),0,MAX(0,NETWORKDAYS(MAX(A5,'Staffing Plan'!D2),MIN(EOMONTH(A5,0),'Staffing Plan'!E2))-D5)) -> 17 | G5: =F5*Assumptions!$B$3*'Staffing Plan'!H2*'Staffing Plan'!G2 -> 163200 | H5: =E5*Assumptions!$B$3*'Staffing Plan'!I2*'Staffing Plan'!F2 -> 88400 | I5: =G5-H5 -> 74800 | J5: =IF(G5=0,0,I5/G5) -> 0.45833333
A6: =DATE(Assumptions!$B$2,2,1) -> 46054 | B6: ='Staffing Plan'!A3 -> Atlas Delivery | C6: ='Staffing Plan'!B3 -> DEMO-002 | D6: =Assumptions!$B$4 -> 3 | E6: =IF(MAX(A6,'Staffing Plan'!C3)>MIN(EOMONTH(A6,0),'Staffing Plan'!E3),0,MAX(0,NETWORKDAYS(MAX(A6,'Staffing Plan'!C3),MIN(EOMONTH(A6,0),'Staffing Plan'!E3))-D6)) -> 17 | F6: =IF(MAX(A6,'Staffing Plan'!D3)>MIN(EOMONTH(A6,0),'Staffing Plan'!E3),0,MAX(0,NETWORKDAYS(MAX(A6,'Staffing Plan'!D3),MIN(EOMONTH(A6,0),'Staffing Plan'!E3))-D6)) -> 17 | G6: =F6*Assumptions!$B$3*'Staffing Plan'!H3*'Staffing Plan'!G3 -> 108800 | H6: =E6*Assumptions!$B$3*'Staffing Plan'!I3*'Staffing Plan'!F3 -> 68000 | I6: =G6-H6 -> 40800 | J6: =IF(G6=0,0,I6/G6) -> 0.375
A7: =DATE(Assumptions!$B$2,2,1) -> 46054 | B7: ='Staffing Plan'!A4 -> Beacon Modernization | C7: ='Staffing Plan'!B4 -> DEMO-003 | D7: =Assumptions!$B$4 -> 3 | E7: =IF(MAX(A7,'Staffing Plan'!C4)>MIN(EOMONTH(A7,0),'Staffing Plan'!E4),0,MAX(0,NETWORKDAYS(MAX(A7,'Staffing Plan'!C4),MIN(EOMONTH(A7,0),'Staffing Plan'!E4))-D7)) -> 17 | F7: =IF(MAX(A7,'Staffing Plan'!D4)>MIN(EOMONTH(A7,0),'Staffing Plan'!E4),0,MAX(0,NETWORKDAYS(MAX(A7,'Staffing Plan'!D4),MIN(EOMONTH(A7,0),'Staffing Plan'!E4))-D7)) -> 17 | G7: =F7*Assumptions!$B$3*'Staffing Plan'!H4*'Staffing Plan'!G4 -> 217600 | H7: =E7*Assumptions!$B$3*'Staffing Plan'!I4*'Staffing Plan'!F4 -> 122400 | I7: =G7-H7 -> 95200 | J7: =IF(G7=0,0,I7/G7) -> 0.4375
A8: =DATE(Assumptions!$B$2,3,1) -> 46082 | B8: ='Staffing Plan'!A2 -> Atlas Delivery | C8: ='Staffing Plan'!B2 -> DEMO-001 | D8: =Assumptions!$B$4 -> 3 | E8: =IF(MAX(A8,'Staffing Plan'!C2)>MIN(EOMONTH(A8,0),'Staffing Plan'!E2),0,MAX(0,NETWORKDAYS(MAX(A8,'Staffing Plan'!C2),MIN(EOMONTH(A8,0),'Staffing Plan'!E2))-D8)) -> 19 | F8: =IF(MAX(A8,'Staffing Plan'!D2)>MIN(EOMONTH(A8,0),'Staffing Plan'!E2),0,MAX(0,NETWORKDAYS(MAX(A8,'Staffing Plan'!D2),MIN(EOMONTH(A8,0),'Staffing Plan'!E2))-D8)) -> 19 | G8: =F8*Assumptions!$B$3*'Staffing Plan'!H2*'Staffing Plan'!G2 -> 182400 | H8: =E8*Assumptions!$B$3*'Staffing Plan'!I2*'Staffing Plan'!F2 -> 98800 | I8: =G8-H8 -> 83600 | J8: =IF(G8=0,0,I8/G8) -> 0.45833333
A9: =DATE(Assumptions!$B$2,3,1) -> 46082 | B9: ='Staffing Plan'!A3 -> Atlas Delivery | C9: ='Staffing Plan'!B3 -> DEMO-002 | D9: =Assumptions!$B$4 -> 3 | E9: =IF(MAX(A9,'Staffing Plan'!C3)>MIN(EOMONTH(A9,0),'Staffing Plan'!E3),0,MAX(0,NETWORKDAYS(MAX(A9,'Staffing Plan'!C3),MIN(EOMONTH(A9,0),'Staffing Plan'!E3))-D9)) -> 19 | F9: =IF(MAX(A9,'Staffing Plan'!D3)>MIN(EOMONTH(A9,0),'Staffing Plan'!E3),0,MAX(0,NETWORKDAYS(MAX(A9,'Staffing Plan'!D3),MIN(EOMONTH(A9,0),'Staffing Plan'!E3))-D9)) -> 19 | G9: =F9*Assumptions!$B$3*'Staffing Plan'!H3*'Staffing Plan'!G3 -> 121600 | H9: =E9*Assumptions!$B$3*'Staffing Plan'!I3*'Staffing Plan'!F3 -> 76000 | I9: =G9-H9 -> 45600 | J9: =IF(G9=0,0,I9/G9) -> 0.375
A10: =DATE(Assumptions!$B$2,3,1) -> 46082 | B10: ='Staffing Plan'!A4 -> Beacon Modernization | C10: ='Staffing Plan'!B4 -> DEMO-003 | D10: =Assumptions!$B$4 -> 3 | E10: =IF(MAX(A10,'Staffing Plan'!C4)>MIN(EOMONTH(A10,0),'Staffing Plan'!E4),0,MAX(0,NETWORKDAYS(MAX(A10,'Staffing Plan'!C4),MIN(EOMONTH(A10,0),'Staffing Plan'!E4))-D10)) -> 19 | F10: =IF(MAX(A10,'Staffing Plan'!D4)>MIN(EOMONTH(A10,0),'Staffing Plan'!E4),0,MAX(0,NETWORKDAYS(MAX(A10,'Staffing Plan'!D4),MIN(EOMONTH(A10,0),'Staffing Plan'!E4))-D10)) -> 19 | G10: =F10*Assumptions!$B$3*'Staffing Plan'!H4*'Staffing Plan'!G4 -> 243200 | H10: =E10*Assumptions!$B$3*'Staffing Plan'!I4*'Staffing Plan'!F4 -> 136800 | I10: =G10-H10 -> 106400 | J10: =IF(G10=0,0,I10/G10) -> 0.4375
A11: =DATE(Assumptions!$B$2,4,1) -> 46113 | B11: ='Staffing Plan'!A2 -> Atlas Delivery | C11: ='Staffing Plan'!B2 -> DEMO-001 | D11: =Assumptions!$B$4 -> 3 | E11: =IF(MAX(A11,'Staffing Plan'!C2)>MIN(EOMONTH(A11,0),'Staffing Plan'!E2),0,MAX(0,NETWORKDAYS(MAX(A11,'Staffing Plan'!C2),MIN(EOMONTH(A11,0),'Staffing Plan'!E2))-D11)) -> 19 | F11: =IF(MAX(A11,'Staffing Plan'!D2)>MIN(EOMONTH(A11,0),'Staffing Plan'!E2),0,MAX(0,NETWORKDAYS(MAX(A11,'Staffing Plan'!D2),MIN(EOMONTH(A11,0),'Staffing Plan'!E2))-D11)) -> 19 | G11: =F11*Assumptions!$B$3*'Staffing Plan'!H2*'Staffing Plan'!G2 -> 182400 | H11: =E11*Assumptions!$B$3*'Staffing Plan'!I2*'Staffing Plan'!F2 -> 98800 | I11: =G11-H11 -> 83600 | J11: =IF(G11=0,0,I11/G11) -> 0.45833333
A12: =DATE(Assumptions!$B$2,4,1) -> 46113 | B12: ='Staffing Plan'!A3 -> Atlas Delivery | C12: ='Staffing Plan'!B3 -> DEMO-002 | D12: =Assumptions!$B$4 -> 3 | E12: =IF(MAX(A12,'Staffing Plan'!C3)>MIN(EOMONTH(A12,0),'Staffing Plan'!E3),0,MAX(0,NETWORKDAYS(MAX(A12,'Staffing Plan'!C3),MIN(EOMONTH(A12,0),'Staffing Plan'!E3))-D12)) -> 19 | F12: =IF(MAX(A12,'Staffing Plan'!D3)>MIN(EOMONTH(A12,0),'Staffing Plan'!E3),0,MAX(0,NETWORKDAYS(MAX(A12,'Staffing Plan'!D3),MIN(EOMONTH(A12,0),'Staffing Plan'!E3))-D12)) -> 19 | G12: =F12*Assumptions!$B$3*'Staffing Plan'!H3*'Staffing Plan'!G3 -> 121600 | H12: =E12*Assumptions!$B$3*'Staffing Plan'!I3*'Staffing Plan'!F3 -> 76000 | I12: =G12-H12 -> 45600 | J12: =IF(G12=0,0,I12/G12) -> 0.375
A13: =DATE(Assumptions!$B$2,4,1) -> 46113 | B13: ='Staffing Plan'!A4 -> Beacon Modernization | C13: ='Staffing Plan'!B4 -> DEMO-003 | D13: =Assumptions!$B$4 -> 3 | E13: =IF(MAX(A13,'Staffing Plan'!C4)>MIN(EOMONTH(A13,0),'Staffing Plan'!E4),0,MAX(0,NETWORKDAYS(MAX(A13,'Staffing Plan'!C4),MIN(EOMONTH(A13,0),'Staffing Plan'!E4))-D13)) -> 19 | F13: =IF(MAX(A13,'Staffing Plan'!D4)>MIN(EOMONTH(A13,0),'Staffing Plan'!E4),0,MAX(0,NETWORKDAYS(MAX(A13,'Staffing Plan'!D4),MIN(EOMONTH(A13,0),'Staffing Plan'!E4))-D13)) -> 19 | G13: =F13*Assumptions!$B$3*'Staffing Plan'!H4*'Staffing Plan'!G4 -> 243200 | H13: =E13*Assumptions!$B$3*'Staffing Plan'!I4*'Staffing Plan'!F4 -> 136800 | I13: =G13-H13 -> 106400 | J13: =IF(G13=0,0,I13/G13) -> 0.4375
A14: =DATE(Assumptions!$B$2,5,1) -> 46143 | B14: ='Staffing Plan'!A2 -> Atlas Delivery | C14: ='Staffing Plan'!B2 -> DEMO-001 | D14: =Assumptions!$B$4 -> 3 | E14: =IF(MAX(A14,'Staffing Plan'!C2)>MIN(EOMONTH(A14,0),'Staffing Plan'!E2),0,MAX(0,NETWORKDAYS(MAX(A14,'Staffing Plan'!C2),MIN(EOMONTH(A14,0),'Staffing Plan'!E2))-D14)) -> 18 | F14: =IF(MAX(A14,'Staffing Plan'!D2)>MIN(EOMONTH(A14,0),'Staffing Plan'!E2),0,MAX(0,NETWORKDAYS(MAX(A14,'Staffing Plan'!D2),MIN(EOMONTH(A14,0),'Staffing Plan'!E2))-D14)) -> 18 | G14: =F14*Assumptions!$B$3*'Staffing Plan'!H2*'Staffing Plan'!G2 -> 172800 | H14: =E14*Assumptions!$B$3*'Staffing Plan'!I2*'Staffing Plan'!F2 -> 93600 | I14: =G14-H14 -> 79200 | J14: =IF(G14=0,0,I14/G14) -> 0.45833333
A15: =DATE(Assumptions!$B$2,5,1) -> 46143 | B15: ='Staffing Plan'!A3 -> Atlas Delivery | C15: ='Staffing Plan'!B3 -> DEMO-002 | D15: =Assumptions!$B$4 -> 3 | E15: =IF(MAX(A15,'Staffing Plan'!C3)>MIN(EOMONTH(A15,0),'Staffing Plan'!E3),0,MAX(0,NETWORKDAYS(MAX(A15,'Staffing Plan'!C3),MIN(EOMONTH(A15,0),'Staffing Plan'!E3))-D15)) -> 18 | F15: =IF(MAX(A15,'Staffing Plan'!D3)>MIN(EOMONTH(A15,0),'Staffing Plan'!E3),0,MAX(0,NETWORKDAYS(MAX(A15,'Staffing Plan'!D3),MIN(EOMONTH(A15,0),'Staffing Plan'!E3))-D15)) -> 18 | G15: =F15*Assumptions!$B$3*'Staffing Plan'!H3*'Staffing Plan'!G3 -> 115200 | H15: =E15*Assumptions!$B$3*'Staffing Plan'!I3*'Staffing Plan'!F3 -> 72000 | I15: =G15-H15 -> 43200 | J15: =IF(G15=0,0,I15/G15) -> 0.375
A16: =DATE(Assumptions!$B$2,5,1) -> 46143 | B16: ='Staffing Plan'!A4 -> Beacon Modernization | C16: ='Staffing Plan'!B4 -> DEMO-003 | D16: =Assumptions!$B$4 -> 3 | E16: =IF(MAX(A16,'Staffing Plan'!C4)>MIN(EOMONTH(A16,0),'Staffing Plan'!E4),0,MAX(0,NETWORKDAYS(MAX(A16,'Staffing Plan'!C4),MIN(EOMONTH(A16,0),'Staffing Plan'!E4))-D16)) -> 18 | F16: =IF(MAX(A16,'Staffing Plan'!D4)>MIN(EOMONTH(A16,0),'Staffing Plan'!E4),0,MAX(0,NETWORKDAYS(MAX(A16,'Staffing Plan'!D4),MIN(EOMONTH(A16,0),'Staffing Plan'!E4))-D16)) -> 18 | G16: =F16*Assumptions!$B$3*'Staffing Plan'!H4*'Staffing Plan'!G4 -> 230400 | H16: =E16*Assumptions!$B$3*'Staffing Plan'!I4*'Staffing Plan'!F4 -> 129600 | I16: =G16-H16 -> 100800 | J16: =IF(G16=0,0,I16/G16) -> 0.4375
A17: =DATE(Assumptions!$B$2,6,1) -> 46174 | B17: ='Staffing Plan'!A2 -> Atlas Delivery | C17: ='Staffing Plan'!B2 -> DEMO-001 | D17: =Assumptions!$B$4 -> 3 | E17: =IF(MAX(A17,'Staffing Plan'!C2)>MIN(EOMONTH(A17,0),'Staffing Plan'!E2),0,MAX(0,NETWORKDAYS(MAX(A17,'Staffing Plan'!C2),MIN(EOMONTH(A17,0),'Staffing Plan'!E2))-D17)) -> 19 | F17: =IF(MAX(A17,'Staffing Plan'!D2)>MIN(EOMONTH(A17,0),'Staffing Plan'!E2),0,MAX(0,NETWORKDAYS(MAX(A17,'Staffing Plan'!D2),MIN(EOMONTH(A17,0),'Staffing Plan'!E2))-D17)) -> 19 | G17: =F17*Assumptions!$B$3*'Staffing Plan'!H2*'Staffing Plan'!G2 -> 182400 | H17: =E17*Assumptions!$B$3*'Staffing Plan'!I2*'Staffing Plan'!F2 -> 98800 | I17: =G17-H17 -> 83600 | J17: =IF(G17=0,0,I17/G17) -> 0.45833333
A18: =DATE(Assumptions!$B$2,6,1) -> 46174 | B18: ='Staffing Plan'!A3 -> Atlas Delivery | C18: ='Staffing Plan'!B3 -> DEMO-002 | D18: =Assumptions!$B$4 -> 3 | E18: =IF(MAX(A18,'Staffing Plan'!C3)>MIN(EOMONTH(A18,0),'Staffing Plan'!E3),0,MAX(0,NETWORKDAYS(MAX(A18,'Staffing Plan'!C3),MIN(EOMONTH(A18,0),'Staffing Plan'!E3))-D18)) -> 19 | F18: =IF(MAX(A18,'Staffing Plan'!D3)>MIN(EOMONTH(A18,0),'Staffing Plan'!E3),0,MAX(0,NETWORKDAYS(MAX(A18,'Staffing Plan'!D3),MIN(EOMONTH(A18,0),'Staffing Plan'!E3))-D18)) -> 19 | G18: =F18*Assumptions!$B$3*'Staffing Plan'!H3*'Staffing Plan'!G3 -> 121600 | H18: =E18*Assumptions!$B$3*'Staffing Plan'!I3*'Staffing Plan'!F3 -> 76000 | I18: =G18-H18 -> 45600 | J18: =IF(G18=0,0,I18/G18) -> 0.375
A19: =DATE(Assumptions!$B$2,6,1) -> 46174 | B19: ='Staffing Plan'!A4 -> Beacon Modernization | C19: ='Staffing Plan'!B4 -> DEMO-003 | D19: =Assumptions!$B$4 -> 3 | E19: =IF(MAX(A19,'Staffing Plan'!C4)>MIN(EOMONTH(A19,0),'Staffing Plan'!E4),0,MAX(0,NETWORKDAYS(MAX(A19,'Staffing Plan'!C4),MIN(EOMONTH(A19,0),'Staffing Plan'!E4))-D19)) -> 19 | F19: =IF(MAX(A19,'Staffing Plan'!D4)>MIN(EOMONTH(A19,0),'Staffing Plan'!E4),0,MAX(0,NETWORKDAYS(MAX(A19,'Staffing Plan'!D4),MIN(EOMONTH(A19,0),'Staffing Plan'!E4))-D19)) -> 19 | G19: =F19*Assumptions!$B$3*'Staffing Plan'!H4*'Staffing Plan'!G4 -> 243200 | H19: =E19*Assumptions!$B$3*'Staffing Plan'!I4*'Staffing Plan'!F4 -> 136800 | I19: =G19-H19 -> 106400 | J19: =IF(G19=0,0,I19/G19) -> 0.4375
A20: =DATE(Assumptions!$B$2,7,1) -> 46204 | B20: ='Staffing Plan'!A2 -> Atlas Delivery | C20: ='Staffing Plan'!B2 -> DEMO-001 | D20: =Assumptions!$B$4 -> 3 | E20: =IF(MAX(A20,'Staffing Plan'!C2)>MIN(EOMONTH(A20,0),'Staffing Plan'!E2),0,MAX(0,NETWORKDAYS(MAX(A20,'Staffing Plan'!C2),MIN(EOMONTH(A20,0),'Staffing Plan'!E2))-D20)) -> 20 | F20: =IF(MAX(A20,'Staffing Plan'!D2)>MIN(EOMONTH(A20,0),'Staffing Plan'!E2),0,MAX(0,NETWORKDAYS(MAX(A20,'Staffing Plan'!D2),MIN(EOMONTH(A20,0),'Staffing Plan'!E2))-D20)) -> 20 | G20: =F20*Assumptions!$B$3*'Staffing Plan'!H2*'Staffing Plan'!G2 -> 192000 | H20: =E20*Assumptions!$B$3*'Staffing Plan'!I2*'Staffing Plan'!F2 -> 104000 | I20: =G20-H20 -> 88000 | J20: =IF(G20=0,0,I20/G20) -> 0.45833333
A21: =DATE(Assumptions!$B$2,7,1) -> 46204 | B21: ='Staffing Plan'!A3 -> Atlas Delivery | C21: ='Staffing Plan'!B3 -> DEMO-002 | D21: =Assumptions!$B$4 -> 3 | E21: =IF(MAX(A21,'Staffing Plan'!C3)>MIN(EOMONTH(A21,0),'Staffing Plan'!E3),0,MAX(0,NETWORKDAYS(MAX(A21,'Staffing Plan'!C3),MIN(EOMONTH(A21,0),'Staffing Plan'!E3))-D21)) -> 20 | F21: =IF(MAX(A21,'Staffing Plan'!D3)>MIN(EOMONTH(A21,0),'Staffing Plan'!E3),0,MAX(0,NETWORKDAYS(MAX(A21,'Staffing Plan'!D3),MIN(EOMONTH(A21,0),'Staffing Plan'!E3))-D21)) -> 20 | G21: =F21*Assumptions!$B$3*'Staffing Plan'!H3*'Staffing Plan'!G3 -> 128000 | H21: =E21*Assumptions!$B$3*'Staffing Plan'!I3*'Staffing Plan'!F3 -> 80000 | I21: =G21-H21 -> 48000 | J21: =IF(G21=0,0,I21/G21) -> 0.375
A22: =DATE(Assumptions!$B$2,7,1) -> 46204 | B22: ='Staffing Plan'!A4 -> Beacon Modernization | C22: ='Staffing Plan'!B4 -> DEMO-003 | D22: =Assumptions!$B$4 -> 3 | E22: =IF(MAX(A22,'Staffing Plan'!C4)>MIN(EOMONTH(A22,0),'Staffing Plan'!E4),0,MAX(0,NETWORKDAYS(MAX(A22,'Staffing Plan'!C4),MIN(EOMONTH(A22,0),'Staffing Plan'!E4))-D22)) -> 20 | F22: =IF(MAX(A22,'Staffing Plan'!D4)>MIN(EOMONTH(A22,0),'Staffing Plan'!E4),0,MAX(0,NETWORKDAYS(MAX(A22,'Staffing Plan'!D4),MIN(EOMONTH(A22,0),'Staffing Plan'!E4))-D22)) -> 20 | G22: =F22*Assumptions!$B$3*'Staffing Plan'!H4*'Staffing Plan'!G4 -> 256000 | H22: =E22*Assumptions!$B$3*'Staffing Plan'!I4*'Staffing Plan'!F4 -> 144000 | I22: =G22-H22 -> 112000 | J22: =IF(G22=0,0,I22/G22) -> 0.4375
A23: =DATE(Assumptions!$B$2,8,1) -> 46235 | B23: ='Staffing Plan'!A2 -> Atlas Delivery | C23: ='Staffing Plan'!B2 -> DEMO-001 | D23: =Assumptions!$B$4 -> 3 | E23: =IF(MAX(A23,'Staffing Plan'!C2)>MIN(EOMONTH(A23,0),'Staffing Plan'!E2),0,MAX(0,NETWORKDAYS(MAX(A23,'Staffing Plan'!C2),MIN(EOMONTH(A23,0),'Staffing Plan'!E2))-D23)) -> 18 | F23: =IF(MAX(A23,'Staffing Plan'!D2)>MIN(EOMONTH(A23,0),'Staffing Plan'!E2),0,MAX(0,NETWORKDAYS(MAX(A23,'Staffing Plan'!D2),MIN(EOMONTH(A23,0),'Staffing Plan'!E2))-D23)) -> 18 | G23: =F23*Assumptions!$B$3*'Staffing Plan'!H2*'Staffing Plan'!G2 -> 172800 | H23: =E23*Assumptions!$B$3*'Staffing Plan'!I2*'Staffing Plan'!F2 -> 93600 | I23: =G23-H23 -> 79200 | J23: =IF(G23=0,0,I23/G23) -> 0.45833333
A24: =DATE(Assumptions!$B$2,8,1) -> 46235 | B24: ='Staffing Plan'!A3 -> Atlas Delivery | C24: ='Staffing Plan'!B3 -> DEMO-002 | D24: =Assumptions!$B$4 -> 3 | E24: =IF(MAX(A24,'Staffing Plan'!C3)>MIN(EOMONTH(A24,0),'Staffing Plan'!E3),0,MAX(0,NETWORKDAYS(MAX(A24,'Staffing Plan'!C3),MIN(EOMONTH(A24,0),'Staffing Plan'!E3))-D24)) -> 18 | F24: =IF(MAX(A24,'Staffing Plan'!D3)>MIN(EOMONTH(A24,0),'Staffing Plan'!E3),0,MAX(0,NETWORKDAYS(MAX(A24,'Staffing Plan'!D3),MIN(EOMONTH(A24,0),'Staffing Plan'!E3))-D24)) -> 18 | G24: =F24*Assumptions!$B$3*'Staffing Plan'!H3*'Staffing Plan'!G3 -> 115200 | H24: =E24*Assumptions!$B$3*'Staffing Plan'!I3*'Staffing Plan'!F3 -> 72000 | I24: =G24-H24 -> 43200 | J24: =IF(G24=0,0,I24/G24) -> 0.375
A25: =DATE(Assumptions!$B$2,8,1) -> 46235 | B25: ='Staffing Plan'!A4 -> Beacon Modernization | C25: ='Staffing Plan'!B4 -> DEMO-003 | D25: =Assumptions!$B$4 -> 3 | E25: =IF(MAX(A25,'Staffing Plan'!C4)>MIN(EOMONTH(A25,0),'Staffing Plan'!E4),0,MAX(0,NETWORKDAYS(MAX(A25,'Staffing Plan'!C4),MIN(EOMONTH(A25,0),'Staffing Plan'!E4))-D25)) -> 18 | F25: =IF(MAX(A25,'Staffing Plan'!D4)>MIN(EOMONTH(A25,0),'Staffing Plan'!E4),0,MAX(0,NETWORKDAYS(MAX(A25,'Staffing Plan'!D4),MIN(EOMONTH(A25,0),'Staffing Plan'!E4))-D25)) -> 18 | G25: =F25*Assumptions!$B$3*'Staffing Plan'!H4*'Staffing Plan'!G4 -> 230400 | H25: =E25*Assumptions!$B$3*'Staffing Plan'!I4*'Staffing Plan'!F4 -> 129600 | I25: =G25-H25 -> 100800 | J25: =IF(G25=0,0,I25/G25) -> 0.4375
A26: =DATE(Assumptions!$B$2,9,1) -> 46266 | B26: ='Staffing Plan'!A2 -> Atlas Delivery | C26: ='Staffing Plan'!B2 -> DEMO-001 | D26: =Assumptions!$B$4 -> 3 | E26: =IF(MAX(A26,'Staffing Plan'!C2)>MIN(EOMONTH(A26,0),'Staffing Plan'!E2),0,MAX(0,NETWORKDAYS(MAX(A26,'Staffing Plan'!C2),MIN(EOMONTH(A26,0),'Staffing Plan'!E2))-D26)) -> 19 | F26: =IF(MAX(A26,'Staffing Plan'!D2)>MIN(EOMONTH(A26,0),'Staffing Plan'!E2),0,MAX(0,NETWORKDAYS(MAX(A26,'Staffing Plan'!D2),MIN(EOMONTH(A26,0),'Staffing Plan'!E2))-D26)) -> 19 | G26: =F26*Assumptions!$B$3*'Staffing Plan'!H2*'Staffing Plan'!G2 -> 182400 | H26: =E26*Assumptions!$B$3*'Staffing Plan'!I2*'Staffing Plan'!F2 -> 98800 | I26: =G26-H26 -> 83600 | J26: =IF(G26=0,0,I26/G26) -> 0.45833333
A27: =DATE(Assumptions!$B$2,9,1) -> 46266 | B27: ='Staffing Plan'!A3 -> Atlas Delivery | C27: ='Staffing Plan'!B3 -> DEMO-002 | D27: =Assumptions!$B$4 -> 3 | E27: =IF(MAX(A27,'Staffing Plan'!C3)>MIN(EOMONTH(A27,0),'Staffing Plan'!E3),0,MAX(0,NETWORKDAYS(MAX(A27,'Staffing Plan'!C3),MIN(EOMONTH(A27,0),'Staffing Plan'!E3))-D27)) -> 19 | F27: =IF(MAX(A27,'Staffing Plan'!D3)>MIN(EOMONTH(A27,0),'Staffing Plan'!E3),0,MAX(0,NETWORKDAYS(MAX(A27,'Staffing Plan'!D3),MIN(EOMONTH(A27,0),'Staffing Plan'!E3))-D27)) -> 19 | G27: =F27*Assumptions!$B$3*'Staffing Plan'!H3*'Staffing Plan'!G3 -> 121600 | H27: =E27*Assumptions!$B$3*'Staffing Plan'!I3*'Staffing Plan'!F3 -> 76000 | I27: =G27-H27 -> 45600 | J27: =IF(G27=0,0,I27/G27) -> 0.375
A28: =DATE(Assumptions!$B$2,9,1) -> 46266 | B28: ='Staffing Plan'!A4 -> Beacon Modernization | C28: ='Staffing Plan'!B4 -> DEMO-003 | D28: =Assumptions!$B$4 -> 3 | E28: =IF(MAX(A28,'Staffing Plan'!C4)>MIN(EOMONTH(A28,0),'Staffing Plan'!E4),0,MAX(0,NETWORKDAYS(MAX(A28,'Staffing Plan'!C4),MIN(EOMONTH(A28,0),'Staffing Plan'!E4))-D28)) -> 19 | F28: =IF(MAX(A28,'Staffing Plan'!D4)>MIN(EOMONTH(A28,0),'Staffing Plan'!E4),0,MAX(0,NETWORKDAYS(MAX(A28,'Staffing Plan'!D4),MIN(EOMONTH(A28,0),'Staffing Plan'!E4))-D28)) -> 19 | G28: =F28*Assumptions!$B$3*'Staffing Plan'!H4*'Staffing Plan'!G4 -> 243200 | H28: =E28*Assumptions!$B$3*'Staffing Plan'!I4*'Staffing Plan'!F4 -> 136800 | I28: =G28-H28 -> 106400 | J28: =IF(G28=0,0,I28/G28) -> 0.4375
A29: =DATE(Assumptions!$B$2,10,1) -> 46296 | B29: ='Staffing Plan'!A2 -> Atlas Delivery | C29: ='Staffing Plan'!B2 -> DEMO-001 | D29: =Assumptions!$B$4 -> 3 | E29: =IF(MAX(A29,'Staffing Plan'!C2)>MIN(EOMONTH(A29,0),'Staffing Plan'!E2),0,MAX(0,NETWORKDAYS(MAX(A29,'Staffing Plan'!C2),MIN(EOMONTH(A29,0),'Staffing Plan'!E2))-D29)) -> 19 | F29: =IF(MAX(A29,'Staffing Plan'!D2)>MIN(EOMONTH(A29,0),'Staffing Plan'!E2),0,MAX(0,NETWORKDAYS(MAX(A29,'Staffing Plan'!D2),MIN(EOMONTH(A29,0),'Staffing Plan'!E2))-D29)) -> 19 | G29: =F29*Assumptions!$B$3*'Staffing Plan'!H2*'Staffing Plan'!G2 -> 182400 | H29: =E29*Assumptions!$B$3*'Staffing Plan'!I2*'Staffing Plan'!F2 -> 98800 | I29: =G29-H29 -> 83600 | J29: =IF(G29=0,0,I29/G29) -> 0.45833333
A30: =DATE(Assumptions!$B$2,10,1) -> 46296 | B30: ='Staffing Plan'!A3 -> Atlas Delivery | C30: ='Staffing Plan'!B3 -> DEMO-002 | D30: =Assumptions!$B$4 -> 3 | E30: =IF(MAX(A30,'Staffing Plan'!C3)>MIN(EOMONTH(A30,0),'Staffing Plan'!E3),0,MAX(0,NETWORKDAYS(MAX(A30,'Staffing Plan'!C3),MIN(EOMONTH(A30,0),'Staffing Plan'!E3))-D30)) -> 19 | F30: =IF(MAX(A30,'Staffing Plan'!D3)>MIN(EOMONTH(A30,0),'Staffing Plan'!E3),0,MAX(0,NETWORKDAYS(MAX(A30,'Staffing Plan'!D3),MIN(EOMONTH(A30,0),'Staffing Plan'!E3))-D30)) -> 19 | G30: =F30*Assumptions!$B$3*'Staffing Plan'!H3*'Staffing Plan'!G3 -> 121600 | H30: =E30*Assumptions!$B$3*'Staffing Plan'!I3*'Staffing Plan'!F3 -> 76000 | I30: =G30-H30 -> 45600 | J30: =IF(G30=0,0,I30/G30) -> 0.375
A31: =DATE(Assumptions!$B$2,10,1) -> 46296 | B31: ='Staffing Plan'!A4 -> Beacon Modernization | C31: ='Staffing Plan'!B4 -> DEMO-003 | D31: =Assumptions!$B$4 -> 3 | E31: =IF(MAX(A31,'Staffing Plan'!C4)>MIN(EOMONTH(A31,0),'Staffing Plan'!E4),0,MAX(0,NETWORKDAYS(MAX(A31,'Staffing Plan'!C4),MIN(EOMONTH(A31,0),'Staffing Plan'!E4))-D31)) -> 19 | F31: =IF(MAX(A31,'Staffing Plan'!D4)>MIN(EOMONTH(A31,0),'Staffing Plan'!E4),0,MAX(0,NETWORKDAYS(MAX(A31,'Staffing Plan'!D4),MIN(EOMONTH(A31,0),'Staffing Plan'!E4))-D31)) -> 19 | G31: =F31*Assumptions!$B$3*'Staffing Plan'!H4*'Staffing Plan'!G4 -> 243200 | H31: =E31*Assumptions!$B$3*'Staffing Plan'!I4*'Staffing Plan'!F4 -> 136800 | I31: =G31-H31 -> 106400 | J31: =IF(G31=0,0,I31/G31) -> 0.4375
A32: =DATE(Assumptions!$B$2,11,1) -> 46327 | B32: ='Staffing Plan'!A2 -> Atlas Delivery | C32: ='Staffing Plan'!B2 -> DEMO-001 | D32: =Assumptions!$B$4 -> 3 | E32: =IF(MAX(A32,'Staffing Plan'!C2)>MIN(EOMONTH(A32,0),'Staffing Plan'!E2),0,MAX(0,NETWORKDAYS(MAX(A32,'Staffing Plan'!C2),MIN(EOMONTH(A32,0),'Staffing Plan'!E2))-D32)) -> 18 | F32: =IF(MAX(A32,'Staffing Plan'!D2)>MIN(EOMONTH(A32,0),'Staffing Plan'!E2),0,MAX(0,NETWORKDAYS(MAX(A32,'Staffing Plan'!D2),MIN(EOMONTH(A32,0),'Staffing Plan'!E2))-D32)) -> 18 | G32: =F32*Assumptions!$B$3*'Staffing Plan'!H2*'Staffing Plan'!G2 -> 172800 | H32: =E32*Assumptions!$B$3*'Staffing Plan'!I2*'Staffing Plan'!F2 -> 93600 | I32: =G32-H32 -> 79200 | J32: =IF(G32=0,0,I32/G32) -> 0.45833333
A33: =DATE(Assumptions!$B$2,11,1) -> 46327 | B33: ='Staffing Plan'!A3 -> Atlas Delivery | C33: ='Staffing Plan'!B3 -> DEMO-002 | D33: =Assumptions!$B$4 -> 3 | E33: =IF(MAX(A33,'Staffing Plan'!C3)>MIN(EOMONTH(A33,0),'Staffing Plan'!E3),0,MAX(0,NETWORKDAYS(MAX(A33,'Staffing Plan'!C3),MIN(EOMONTH(A33,0),'Staffing Plan'!E3))-D33)) -> 18 | F33: =IF(MAX(A33,'Staffing Plan'!D3)>MIN(EOMONTH(A33,0),'Staffing Plan'!E3),0,MAX(0,NETWORKDAYS(MAX(A33,'Staffing Plan'!D3),MIN(EOMONTH(A33,0),'Staffing Plan'!E3))-D33)) -> 18 | G33: =F33*Assumptions!$B$3*'Staffing Plan'!H3*'Staffing Plan'!G3 -> 115200 | H33: =E33*Assumptions!$B$3*'Staffing Plan'!I3*'Staffing Plan'!F3 -> 72000 | I33: =G33-H33 -> 43200 | J33: =IF(G33=0,0,I33/G33) -> 0.375
A34: =DATE(Assumptions!$B$2,11,1) -> 46327 | B34: ='Staffing Plan'!A4 -> Beacon Modernization | C34: ='Staffing Plan'!B4 -> DEMO-003 | D34: =Assumptions!$B$4 -> 3 | E34: =IF(MAX(A34,'Staffing Plan'!C4)>MIN(EOMONTH(A34,0),'Staffing Plan'!E4),0,MAX(0,NETWORKDAYS(MAX(A34,'Staffing Plan'!C4),MIN(EOMONTH(A34,0),'Staffing Plan'!E4))-D34)) -> 18 | F34: =IF(MAX(A34,'Staffing Plan'!D4)>MIN(EOMONTH(A34,0),'Staffing Plan'!E4),0,MAX(0,NETWORKDAYS(MAX(A34,'Staffing Plan'!D4),MIN(EOMONTH(A34,0),'Staffing Plan'!E4))-D34)) -> 18 | G34: =F34*Assumptions!$B$3*'Staffing Plan'!H4*'Staffing Plan'!G4 -> 230400 | H34: =E34*Assumptions!$B$3*'Staffing Plan'!I4*'Staffing Plan'!F4 -> 129600 | I34: =G34-H34 -> 100800 | J34: =IF(G34=0,0,I34/G34) -> 0.4375
A35: =DATE(Assumptions!$B$2,12,1) -> 46357 | B35: ='Staffing Plan'!A2 -> Atlas Delivery | C35: ='Staffing Plan'!B2 -> DEMO-001 | D35: =Assumptions!$B$4 -> 3 | E35: =IF(MAX(A35,'Staffing Plan'!C2)>MIN(EOMONTH(A35,0),'Staffing Plan'!E2),0,MAX(0,NETWORKDAYS(MAX(A35,'Staffing Plan'!C2),MIN(EOMONTH(A35,0),'Staffing Plan'!E2))-D35)) -> 20 | F35: =IF(MAX(A35,'Staffing Plan'!D2)>MIN(EOMONTH(A35,0),'Staffing Plan'!E2),0,MAX(0,NETWORKDAYS(MAX(A35,'Staffing Plan'!D2),MIN(EOMONTH(A35,0),'Staffing Plan'!E2))-D35)) -> 20 | G35: =F35*Assumptions!$B$3*'Staffing Plan'!H2*'Staffing Plan'!G2 -> 192000 | H35: =E35*Assumptions!$B$3*'Staffing Plan'!I2*'Staffing Plan'!F2 -> 104000 | I35: =G35-H35 -> 88000 | J35: =IF(G35=0,0,I35/G35) -> 0.45833333
A36: =DATE(Assumptions!$B$2,12,1) -> 46357 | B36: ='Staffing Plan'!A3 -> Atlas Delivery | C36: ='Staffing Plan'!B3 -> DEMO-002 | D36: =Assumptions!$B$4 -> 3 | E36: =IF(MAX(A36,'Staffing Plan'!C3)>MIN(EOMONTH(A36,0),'Staffing Plan'!E3),0,MAX(0,NETWORKDAYS(MAX(A36,'Staffing Plan'!C3),MIN(EOMONTH(A36,0),'Staffing Plan'!E3))-D36)) -> 20 | F36: =IF(MAX(A36,'Staffing Plan'!D3)>MIN(EOMONTH(A36,0),'Staffing Plan'!E3),0,MAX(0,NETWORKDAYS(MAX(A36,'Staffing Plan'!D3),MIN(EOMONTH(A36,0),'Staffing Plan'!E3))-D36)) -> 20 | G36: =F36*Assumptions!$B$3*'Staffing Plan'!H3*'Staffing Plan'!G3 -> 128000 | H36: =E36*Assumptions!$B$3*'Staffing Plan'!I3*'Staffing Plan'!F3 -> 80000 | I36: =G36-H36 -> 48000 | J36: =IF(G36=0,0,I36/G36) -> 0.375
A37: =DATE(Assumptions!$B$2,12,1) -> 46357 | B37: ='Staffing Plan'!A4 -> Beacon Modernization | C37: ='Staffing Plan'!B4 -> DEMO-003 | D37: =Assumptions!$B$4 -> 3 | E37: =IF(MAX(A37,'Staffing Plan'!C4)>MIN(EOMONTH(A37,0),'Staffing Plan'!E4),0,MAX(0,NETWORKDAYS(MAX(A37,'Staffing Plan'!C4),MIN(EOMONTH(A37,0),'Staffing Plan'!E4))-D37)) -> 20 | F37: =IF(MAX(A37,'Staffing Plan'!D4)>MIN(EOMONTH(A37,0),'Staffing Plan'!E4),0,MAX(0,NETWORKDAYS(MAX(A37,'Staffing Plan'!D4),MIN(EOMONTH(A37,0),'Staffing Plan'!E4))-D37)) -> 20 | G37: =F37*Assumptions!$B$3*'Staffing Plan'!H4*'Staffing Plan'!G4 -> 256000 | H37: =E37*Assumptions!$B$3*'Staffing Plan'!I4*'Staffing Plan'!F4 -> 144000 | I37: =G37-H37 -> 112000 | J37: =IF(G37=0,0,I37/G37) -> 0.4375

Sheet Company Summary
A1: Month | B1: Revenue (INR) | C1: Cost (INR) | D1: Gross profit (INR) | E1: Gross margin %
A2: =DATE(Assumptions!$B$2,1,1) -> 46023 | B2: =SUMIF('Monthly Forecast'!A$2:A$37,A2,'Monthly Forecast'!G$2:G$37) -> 240000 | C2: =SUMIF('Monthly Forecast'!A$2:A$37,A2,'Monthly Forecast'!H$2:H$37) -> 311600 | D2: =B2-C2 -> -71600 | E2: =IF(B2=0,0,D2/B2) -> -0.29833333
A3: =DATE(Assumptions!$B$2,2,1) -> 46054 | B3: =SUMIF('Monthly Forecast'!A$2:A$37,A3,'Monthly Forecast'!G$2:G$37) -> 489600 | C3: =SUMIF('Monthly Forecast'!A$2:A$37,A3,'Monthly Forecast'!H$2:H$37) -> 278800 | D3: =B3-C3 -> 210800 | E3: =IF(B3=0,0,D3/B3) -> 0.43055556
A4: =DATE(Assumptions!$B$2,3,1) -> 46082 | B4: =SUMIF('Monthly Forecast'!A$2:A$37,A4,'Monthly Forecast'!G$2:G$37) -> 547200 | C4: =SUMIF('Monthly Forecast'!A$2:A$37,A4,'Monthly Forecast'!H$2:H$37) -> 311600 | D4: =B4-C4 -> 235600 | E4: =IF(B4=0,0,D4/B4) -> 0.43055556
A5: =DATE(Assumptions!$B$2,4,1) -> 46113 | B5: =SUMIF('Monthly Forecast'!A$2:A$37,A5,'Monthly Forecast'!G$2:G$37) -> 547200 | C5: =SUMIF('Monthly Forecast'!A$2:A$37,A5,'Monthly Forecast'!H$2:H$37) -> 311600 | D5: =B5-C5 -> 235600 | E5: =IF(B5=0,0,D5/B5) -> 0.43055556
A6: =DATE(Assumptions!$B$2,5,1) -> 46143 | B6: =SUMIF('Monthly Forecast'!A$2:A$37,A6,'Monthly Forecast'!G$2:G$37) -> 518400 | C6: =SUMIF('Monthly Forecast'!A$2:A$37,A6,'Monthly Forecast'!H$2:H$37) -> 295200 | D6: =B6-C6 -> 223200 | E6: =IF(B6=0,0,D6/B6) -> 0.43055556
A7: =DATE(Assumptions!$B$2,6,1) -> 46174 | B7: =SUMIF('Monthly Forecast'!A$2:A$37,A7,'Monthly Forecast'!G$2:G$37) -> 547200 | C7: =SUMIF('Monthly Forecast'!A$2:A$37,A7,'Monthly Forecast'!H$2:H$37) -> 311600 | D7: =B7-C7 -> 235600 | E7: =IF(B7=0,0,D7/B7) -> 0.43055556
A8: =DATE(Assumptions!$B$2,7,1) -> 46204 | B8: =SUMIF('Monthly Forecast'!A$2:A$37,A8,'Monthly Forecast'!G$2:G$37) -> 576000 | C8: =SUMIF('Monthly Forecast'!A$2:A$37,A8,'Monthly Forecast'!H$2:H$37) -> 328000 | D8: =B8-C8 -> 248000 | E8: =IF(B8=0,0,D8/B8) -> 0.43055556
A9: =DATE(Assumptions!$B$2,8,1) -> 46235 | B9: =SUMIF('Monthly Forecast'!A$2:A$37,A9,'Monthly Forecast'!G$2:G$37) -> 518400 | C9: =SUMIF('Monthly Forecast'!A$2:A$37,A9,'Monthly Forecast'!H$2:H$37) -> 295200 | D9: =B9-C9 -> 223200 | E9: =IF(B9=0,0,D9/B9) -> 0.43055556
A10: =DATE(Assumptions!$B$2,9,1) -> 46266 | B10: =SUMIF('Monthly Forecast'!A$2:A$37,A10,'Monthly Forecast'!G$2:G$37) -> 547200 | C10: =SUMIF('Monthly Forecast'!A$2:A$37,A10,'Monthly Forecast'!H$2:H$37) -> 311600 | D10: =B10-C10 -> 235600 | E10: =IF(B10=0,0,D10/B10) -> 0.43055556
A11: =DATE(Assumptions!$B$2,10,1) -> 46296 | B11: =SUMIF('Monthly Forecast'!A$2:A$37,A11,'Monthly Forecast'!G$2:G$37) -> 547200 | C11: =SUMIF('Monthly Forecast'!A$2:A$37,A11,'Monthly Forecast'!H$2:H$37) -> 311600 | D11: =B11-C11 -> 235600 | E11: =IF(B11=0,0,D11/B11) -> 0.43055556
A12: =DATE(Assumptions!$B$2,11,1) -> 46327 | B12: =SUMIF('Monthly Forecast'!A$2:A$37,A12,'Monthly Forecast'!G$2:G$37) -> 518400 | C12: =SUMIF('Monthly Forecast'!A$2:A$37,A12,'Monthly Forecast'!H$2:H$37) -> 295200 | D12: =B12-C12 -> 223200 | E12: =IF(B12=0,0,D12/B12) -> 0.43055556
A13: =DATE(Assumptions!$B$2,12,1) -> 46357 | B13: =SUMIF('Monthly Forecast'!A$2:A$37,A13,'Monthly Forecast'!G$2:G$37) -> 576000 | C13: =SUMIF('Monthly Forecast'!A$2:A$37,A13,'Monthly Forecast'!H$2:H$37) -> 328000 | D13: =B13-C13 -> 248000 | E13: =IF(B13=0,0,D13/B13) -> 0.43055556
A14: Annual total | B14: =SUM(B2:B13) -> 6172800 | C14: =SUM(C2:C13) -> 3690000 | D14: =B14-C14 -> 2482800 | E14: =IF(B14=0,0,D14/B14) -> 0.40221617

Sheet Read Me
A1: StaffLedger Margin Forecast — free IT services template | B1: Details
A2: Start here | B2: All names, projects and rates are fictional examples. Replace them before import.
A3: Employee import | B3: The app imports the FIRST sheet only: Employee Import. Keep headers on row 1. Only employee name, ID, role and hourly cost rate are imported.
A4: Import modes | B4: Use Add mode to skip existing employee IDs; Overwrite updates matching IDs. Keep IDs unique. Rows without IDs can create duplicates.
A5: Rates and dates | B5: Select the rate effective date in the app before import. Bill rates, DoJ and Employee Type are not imported from the first sheet; manage them in the app separately.
A6: Planning worksheets | B6: Staffing Plan, Monthly Forecast and Company Summary are standalone examples, not app imports. Create projects and staffing mappings separately in the app.
A7: Model scope | B7: Constant hourly rates, one row per employee assignment, weekday calendar, editable holidays. No effective-dated changes inside a month. End date caps both cost and billing. Gross margin is (Revenue - Cost) / Revenue; zero revenue displays a dash.
A8: Currency | B8: All planning rates and totals are INR. Employee import stores numeric rates only; it does not set app currency. App reports currently display USD labels, so confirm your rate convention before importing.
A9: Try the app | B9: https://staffledger.in/auth
A10: Pricing | B10: https://staffledger.in/pricing
